 Dungeon Crawl Stone Soup version 0.22-a0-292-g0df9d5f (webtiles) character file.

147 b5mith the Skirmisher (level 5, 0/47 HPs)
             Began as a Minotaur Berserker on Mar 23, 2018.
             Was a Believer of Trog.
             Slain by an orc priest
             ... wielding a +0 trident
              (7 damage)
             ... on level 3 of the Dungeon.
             The game lasted 00:04:44 (1714 turns).

b5mith the Skirmisher (Minotaur Berserker)          Turns: 1714, Time: 00:04:45

Health: 0/47       AC: 12    Str: 23    XL:     5   Next: 8%
Magic:  4/4        EV:  7    Int:  4    God:    Trog [**....]
Gold:   163        SH:  0    Dex:  9    Spells: 4/4 levels left

rFire    . . .     SeeInvis .   a - +0 falchion
rCold    . . .     Gourm    .   (no shield)
rNeg     . . .     Faith    .   d - +0 plate armour
rPois    .         Spirit   .   (helmet restricted)
rElec    .         Reflect  .   (no cloak)
rCorr    .         Harm     +   i - +0 pair of gloves
MR       .....                  (no boots)
Stlth    ..........             k - amulet of harm
HPRegen  0.15/turn              (no ring)
MPRegen  0.09/turn              (no ring)

@: no status effects
A: retaliatory headbutt, horns 2
a: Berserk, Trog's Hand, Renounce Religion


You were on level 3 of the Dungeon.
You worshipped Trog.
Trog was pleased with you.
You were not hungry.

You visited 1 branch of the dungeon, and saw 3 of its levels.

You collected 163 gold pieces.

Inventory:

Hand Weapons
 a - a +0 falchion (weapon)
Armour
 b - a +0 animal skin
 d - a +0 plate armour (worn)
 i - a +0 pair of gloves (worn)
Jewellery
 k - an amulet of harm (around neck)
Scrolls
 e - 3 scrolls of enchant armour {unknown}
 g - a scroll of blinking {unknown}
 j - 3 scrolls of identify {unknown}
 m - a scroll of remove curse {unknown}
Potions
 h - a potion of flight {unknown}
Comestibles
 c - 3 rations
 f - 10 chunks of flesh


   Skills:
 + Level 4.7 Fighting
 + Level 4.6 Long Blades
 + Level 3.7 Armour
 + Level 3.5 Dodging


You had 4 spell levels left.
You didn't know any spells.

Dungeon Overview and Level Annotations

Branches:
Dungeon (3/15)

Altars:
Sif Muna
Zin


Innate Abilities, Weirdness & Mutations

You reflexively headbutt those who attack you in melee.
You have a pair of horns on your head.


Message History

Eat one of 12 chunks of flesh? (ye/n/q)
You eat one of the 12 chunks of flesh.
This raw flesh tastes terrible.
The orc priest hits you but does no damage.
The orc priest hits you but does no damage.
The orc priest hits you but does no damage.
Your transformation is almost over.
The orc priest hits you but does no damage.
The orc priest hits you but does no damage.
The orc priest hits you but does no damage.
Some of the chunks of flesh in your inventory have rotted away.
The orc priest hits you from afar with a trident.
* * * LOW HITPOINT WARNING * * *
The orc priest looks braver for a moment.
The orc priest hits you but does no damage.
The orc priest hits you but does no damage.
You feel less wooden.
Your +0 pair of gloves unmelds from your body.
Your +0 plate armour unmelds from your body.
The orc priest hits you from afar with a trident.
You die...

..##.#...#.o##s..#. ..
......_...†.oo.... #.####
.#..#...#.##...... .....#
#..##.##)# ..##. #....##
#........# ... ......#
#....o#### #.. #....#
#####o# .
##....#######...#†###.#
......##.....)..@[....#
###.#....................
#)####..............###
#.# ######.........#
###.# #...####### ....#
#...# .#### #...# .#
#...# .# ##)########


You could see an orc priest and an orc.

Vanquished Creatures
  An orc wizard (D:2)
  6 adders
  2 worms
  A dart slug (D:3)
  2 leopard geckos
  8 orcs
  3 ball pythons (D:1)
  5 bats
  7 goblins
  6 hobgoblins
  4 frilled lizards
  7 kobolds
  3 rats
55 creatures vanquished.

Notes
Turn   | Place    | Note
-------+----------+-------------------------------------------
     0 | D:1      | b5mith the Minotaur Berserker began the quest for the Orb.
     0 | D:1      | Reached XP level 1. HP: 19/19 MP: 0/0
   178 | D:1      | Reached XP level 2. HP: 25/27 MP: 1/1
   960 | D:2      | Reached ** piety under Trog
   976 | D:2      | Reached XP level 3. HP: 33/33 MP: 2/2
  1252 | D:2      | Found a glowing silver altar of Zin.
  1404 | D:2      | Reached XP level 4. HP: 41/41 MP: 3/3
  1639 | D:3      | Found a deep blue altar of Sif Muna.
  1678 | D:3      | Reached XP level 5. HP: 23/47 MP: 4/4
  1714 | D:3      | Slain by an orc priest

Vault maps used:
D:1:      dpeg_arrival_leaves_temple_mockup, lemuel_old_faithful
D:2:      old_standard_altar
D:3:      nicolae_overflow_crystal_walls, elyvilon_altar_5, dk_noncrumbling_4,
          kennysheep_slug_shrine

Skill      XL: |  1  2  3 |
---------------+----------+-----
Fighting       | 4 |  4.7
Long Blades    | 4 |  4.6
Armour         | 3 |  3.7
Dodging        | 3 |  3.5

Action                   |  1- 3 |  4- 6 || total
-------------------------+-------+-------++-------
Melee: Falchion          |    77 |    56 ||   133
       Headbutt          |    13 |    10 ||    23
  Use: Potion            |       |     1 ||     1
  Eat: Chunk             |     2 |     1 ||     3
Armor: Plate armour      |    48 |    37 ||    85
       Skin              |       |    22 ||    22
Dodge: Dodged            |    21 |    25 ||    46
       Rpst.: Falchion   |     3 |     5 ||     8

Table legend:
 A = Spawn XP
 B = Non-spawn XP
 C = Spawn XP percentage of total XP
 D = Spawn monster count
 E = Non-spawn monster count
 F = Spawn count percentage of total count
 G = Total turns spent on level
                    A         B        C        D         E        F      G
               +---------+---------+-------+---------+---------+-------+---------
         Total |       0 |     211 |   0.0 |       0 |      55 |   0.0 |  1714
               +---------+---------+-------+---------+---------+-------+---------
           D:1 |       0 |      29 |   0.0 |       0 |      18 |   0.0 |   893
           D:2 |       0 |     113 |   0.0 |       0 |      23 |   0.0 |   609
           D:3 |       0 |      69 |   0.0 |       0 |      14 |   0.0 |   212
               +---------+---------+-------+---------+---------+-------+---------
